 Dungeon Crawl Stone Soup version 0.32-a0-391-gce5c0aab1b (webtiles) character file.

Game seed: 5799695958965228861

262 cforsyth the Slasher (level 6, -1/49 HPs)
             Began as a Coglin Gladiator on Feb 19, 2024.
             Slain by a gnoll
             ... wielding a +0 whip
              (6 damage)
             ... on level 4 of the Dungeon.
             The game lasted 00:04:43 (3185 turns).

cforsyth the Slasher (Coglin Gladiator)             Turns: 3185, Time: 00:04:44

Health: -1/49      AC:  6    Str: 13 (15) XL:     6   Next: 18%
Magic:  15/15      EV: 12    Int:  6 (7)  God:
Gold:   163        SH:  5    Dex: 14 (17) Spells: 5/5 levels left

rFire   . . .        a - +0 long sword {Enrique}
rCold   . . .        b - +0 dagger {Henutmehyt}
rNeg    . . .        w - +0 leather armour
rPois   .            c - +0 helmet
rElec   .            n - +1 cloak
rCorr   .            (no gloves)
SInv    .            (no boots)
Will    .....        g - amulet of reflection
Stlth   +            M - ring of magical power
HPRegen 0.28/turn    (no ring)
MPRegen 0.14/turn

%: reflection
@: revved, stiff-legged, very slow
A: off-hand wielding, slow wielding, warmup strikes, warmup strides
a: no special abilities


You were on level 4 of the Dungeon.
You visited 1 branch of the dungeon, and saw 4 of its levels.

You collected 163 gold pieces.


Innate Abilities, Weirdness & Mutations

You can wield a second weapon in your off-hand.
It takes a long time for you to wield or remove held weapons.
Your first few attacks do less damage.
Your first movements take longer.


   Skills:
 + Level 4.6 Fighting
 + Level 5.1 Long Blades
 - Level 1.7 Throwing
 - Level 2.6 Dodging


You had 5 spell levels left.
You didn't know any spells.
Your spell library contained the following spells:

 Spells                   Type           Power      Damage    Failure   Level
 Ensorcelled Hibernation  Hex/Ice        0%         N/A       67%         2
 Passwall                 Erth           0%         N/A       88%         3
 Swiftness                Air            0%         N/A       88%         3

Inventory:

Hand Weapons
 a - a +0 long sword (weapon) {Enrique}
 b - a +0 dagger (worn) {Henutmehyt}
Missiles
 d - 3 throwing nets (quivered) {=f}
 e - a javelin
Armour
 c - a +0 helmet (worn)
 n - a +1 cloak (worn)
 o - a +0 pair of gloves
 r - a +0 pair of gloves
 w - a +0 leather armour (worn)
Jewellery
 g - an amulet of reflection (around neck)
 p - an amulet of the acrobat
 q - an amulet of magic regeneration
 M - a ring of magical power (left grasper)
Scrolls
 f - 2 scrolls of teleportation {unknown}
 h - a scroll of blinking {unknown}
 m - 2 scrolls of identify {unknown}
 t - a scroll of revelation {unknown}
 y - a scroll of brand weapon {unknown}
Potions
 i - a potion of resistance {unknown}
 j - a potion of brilliance {unknown}
 k - a potion of berserk rage {unknown}
 l - a potion of haste {unknown}
 s - a potion of cancellation {unknown}
 u - a potion of curing {unknown}
 v - a potion of mutation {unknown}
 x - a potion of degeneration

Dungeon Overview and Level Annotations

Branches:
Dungeon (4/15)
 Temple: D:4-7

Altars:

Shops:
D:1

[ #.#
#..........^#....
#..
#####....##.#....
##. #.....#.#..).
#.....#......
#............ $##
####.>.###...
....# #.### #...
#....g###### #.#
#... =...$.g@...#
#.# #...
▒+▒..g####.# #.#
#### ▒▒▒ #.# #.#
#.# #.# ▒.# #.#
▒.# #.# ▒.# #.#
#.# #.# #.# #.#


You could see 3 gnolls.


Message History

You barely miss the gnoll with your +0 long sword.
The gnoll barely misses you. The gnoll misses you. x2
Unknown command.
You hit the gnoll but do no damage.
The gnoll is moderately wounded.
You hit the gnoll with your +0 long sword.
The gnoll barely misses you.
The gnoll hits you from afar with a +0 spear.
* * * LOW HITPOINT WARNING * * *
The gnoll hits you from afar with a +0 spear.
* * * LOW HITPOINT WARNING * * *
You closely miss the gnoll with your +0 dagger.
The gnoll is heavily wounded.
You barely miss the gnoll with your +0 long sword.
You block the gnoll's attack. The gnoll hits you but does no damage.
The gnoll closely misses you.
Unknown command.
You barely miss the gnoll with your +0 long sword.
The gnoll is heavily wounded.
You closely miss the gnoll with your +0 dagger.
The gnoll closely misses you.
The gnoll hits you from afar with a +0 spear.
* * * LOW HITPOINT WARNING * * *
The gnoll hits you from afar with a +0 spear.
* * * LOW HITPOINT WARNING * * *
It was a potion of degeneration.
There was something very wrong with that liquid.
You feel weakened.
You feel dopey.
You feel clumsy. The gnoll hits you with a +0 whip.
You die...

Skill      XL: |  1  2  3  4  5 |
---------------+----------------+-----
Fighting       | 3 4 |  4.6
Long Blades    | 4 5 |  5.1
Throwing       | |  1.7
Dodging        | |  2.6

Action                     |  1- 3 |  4- 6 || total
---------------------------+-------+-------++-------
  Melee: Long sword        |    72 |   183 ||   255
         Dagger            |       |    17 ||    17
    Use: Potion            |       |     1 ||     1
   Stab: Sleeping          |     2 |       ||     2
 Armour: Leather armour    |    37 |   113 ||   150
  Dodge: Dodged            |    29 |   152 ||   181
  Block: Other             |    12 |    47 ||    59
         Reflection        |     1 |     1 ||     2

Levels and vault maps discovered:
D:1:      dpeg_arrival_erosion, layout_basic, serial_shops, shop
D:2:      layout_basic, minmay_circle_x
D:3:      layout_loops_ring, serial_bayou, serial_bayou_lagoon_a,
          serial_bayou_pond_e, serial_bayou_lagoon_b, serial_bayou_shore_b,
          serial_bayou_pond_b, serial_bayou_pond_b
D:4:      layout_basic, chequers_temple_overflow_minitemple

Notes
Turn   | Place    | Note
-------+----------+-------------------------------------------
     0 | D:1      | cforsyth the Coglin Gladiator began the quest for the Orb.
     0 | D:1      | Reached XP level 1. HP: 16/16 MP: 1/1
    47 | D:1      | Reached XP level 2. HP: 14/23 MP: 2/2
   230 | D:1      | Found Ciczogot's Antique Armour Shoppe.
   288 | D:1      | Reached XP level 3. HP: 27/28 MP: 3/3
   758 | D:2      | Reached skill level 3 in Fighting
   987 | D:2      | Reached skill level 4 in Long Blades
   987 | D:2      | Reached XP level 4. HP: 35/35 MP: 4/4
  1444 | D:2      | Reached XP level 5. HP: 40/42 MP: 5/5
  2155 | D:3      | Reached skill level 4 in Fighting
  2451 | D:3      | Reached skill level 5 in Long Blades
  2451 | D:3      | Reached XP level 6. HP: 45/49 MP: 6/6
  3185 | D:4      | Slain by a gnoll

Vanquished Creatures
  A bombardier beetle (D:3)
  A hound (D:3)
  A gnoll (D:4)
  5 adders
  3 dart slugs
  4 orcs
  9 ball pythons
  7 bats
  7 endoplasms
  6 giant cockroaches
  3 goblins
  5 hobgoblins
  8 kobolds
  2 quokkas
  5 frilled lizards
  10 rats
77 creatures vanquished.

Table legend: (Time is in decaauts)
 A = Elapsed time spent in this place.
 B = Non-inter-level travel time spent in this place.
 C = Inter-level travel time spent in this place.
 D = Time resting spent in this place.
 E = Time spent auto-exploring this place.
 F = Levels seen in this place.
 G = Mean time per level.
                   A        B        C        D        E       F      G
               +--------+--------+--------+--------+--------+-----+--------+
         Total |   3373 |   3259 |    114 |      0 |   2587 |   4 |  843.2 |
       Dungeon |   3373 |   3259 |    114 |      0 |   2587 |   4 |  843.2 |
               +--------+--------+--------+--------+--------+-----+--------+

Top non-repeatable levels by time:
     D:2: 1188 daAuts
     D:3: 1182 daAuts
     D:1: 795 daAuts
     D:4: 206 daAuts

Table legend:
 A = Non-vault XP
 B = Vault XP
 C = Vault XP percentage of total XP
 D = Non-vault monster count
 E = Vault monster count
 F = Vault count percentage of total count
                 A         B        C        D         E       F
            +---------+---------+-------+---------+---------+-------
      Total |     325 |      50 |  13.3 |      63 |      14 |  18.2
            +---------+---------+-------+---------+---------+-------
        D:1 |      51 |       0 |   0.0 |      19 |       0 |   0.0
        D:2 |      90 |      30 |  25.0 |      19 |       7 |  26.9
        D:3 |     155 |      20 |  11.4 |      20 |       7 |  25.9
        D:4 |      29 |       0 |   0.0 |       5 |       0 |   0.0
            +---------+---------+-------+---------+---------+-------
